 Dungeon Crawl Stone Soup version 0.29.0-15-g675c0067aa (webtiles) character file.

Game seed: 11115342851959491742

6759 Frenzy the Cleaver (level 11, -9/94 HPs)
             Began as a Hill Orc Fighter on Sept 12, 2022.
             Was the Champion of Cheibriados.
             Mangled by a 13-headed hydra (13 damage)
             ... on level 8 of the Dungeon.
             The game lasted 00:37:26 (6386 turns).

Frenzy the Cleaver (Hill Orc Fighter)               Turns: 6386, Time: 00:37:26

Health: -9/94      AC:  9    Str: 43    XL:     11   Next: 4%
Magic:  11/11      EV: 18    Int: 27    God:    Cheibriados [******]
Gold:   579        SH: 25    Dex: 29    Spells: 10/10 levels left

rFire   . . .      SeeInvis .   a - +1 war axe (vorpal)
rCold   + . .      Faith    .   t - +0 tower shield
rNeg    + . .      Spirit   .   i - +4 robe of Augmentation {Str+4 Int+4 Dex+4}
rPois   .          Reflect  +   x - +0 helmet
rElec   .          Harm     .   E - +1 cloak of Starlight {*Dazzle EV+4 Stlth--}
rCorr   .          Rampage  .   (no gloves)
Will    .....                   (no boots)
Stlth   +.........              b - amulet of reflection
HPRegen 0.25/turn               j - ring of protection from cold
MPRegen 0.12/turn               v - ring of positive energy

@: mighty, brilliant, very slow
A: no striking features
a: Renounce Religion, Bend Time, Temporal Distortion, Slouch, Step From Time


You were on level 8 of the Dungeon.
You worshipped Cheibriados.
Cheibriados was exalted by your worship.
You visited 1 branch of the dungeon, and saw 8 of its levels.

You collected 579 gold pieces.

Inventory:

Hand Weapons
 a - a +1 vorpal war axe (weapon)
Armour
 g - a +2 cloak
 i - the +4 robe of Augmentation (worn) {Str+4 Int+4 Dex+4}
   (You found it on level 2 of the Dungeon)

   Str:       It affects your strength (+4).
   Int:       It affects your intelligence (+4).
   Dex:       It affects your dexterity (+4).
 t - a +0 tower shield (worn)
 x - a +0 helmet (worn)
 E - the +1 cloak of Starlight (worn) {*Dazzle EV+4 Stlth--}
   (You found it on level 7 of the Dungeon)

   It may blind those who miss an attack against the wearer in melee combat.
   EV:        It affects your evasion (+4).
   Stlth:     It makes you much less stealthy.
 F - a +0 plate armour
Jewellery
 b - an amulet of reflection (around neck)
 j - a ring of protection from cold (left hand)
 v - a ring of positive energy (right hand)
Wands
 k - a wand of flame (26)
 y - a wand of iceblast (9)
Scrolls
 c - 3 scrolls of blinking
 o - 2 scrolls of brand weapon
 p - a scroll of identify
 q - 2 scrolls of vulnerability
 s - 2 scrolls of teleportation
 D - a scroll of noise
Potions
 d - 4 potions of might
 e - 2 potions of lignification
 f - 2 potions of flight
 h - 2 potions of curing
 m - 2 potions of degeneration
 n - 2 potions of invisibility {unknown}
 r - 3 potions of brilliance
 u - a potion of cancellation {unknown}
 w - 2 potions of ambrosia {unknown}
 z - 3 potions of mutation
 B - a potion of berserk rage {unknown}
 C - a potion of haste {unknown}


   Skills:
 + Level 8.2 Fighting
 + Level 13.7 Axes
 + Level 4.1 Armour
 + Level 5.1 Dodging
 + Level 3.3 Stealth
 + Level 9.5 Shields


You had 10 spell levels left.
You didn't know any spells.
Your spell library contained the following spells:

 Spells                   Type           Power      Damage    Failure   Level
 Apportation              Tloc           0%         N/A       61%         1
 Necrotise                Necr           0%         1d4       61%         1
 Sting                    Tmut/Pois      0%         1d3       61%         1
 Summon Small Mammal      Summ           0%         N/A       61%         1
 Ensorcelled Hibernation  Hex/Ice        0%         N/A       75%         2
 Passwall                 Tmut/Erth      0%         N/A       75%         2
 Poisonous Vapours        Pois/Air       0%         N/A       75%         2
 Static Discharge         Conj/Air       0%         3-3/arc   75%         2
 Call Canine Familiar     Summ           0%         N/A       93%         3
 Portal Projectile        Hex/Tloc       0%         N/A       93%         3
 Swiftness                Air            0%         N/A       93%         3
 Dispel Undead            Necr           0%         3d6       100%        4
 Leda's Liquefaction      Hex/Erth       0%         N/A       100%        4
 Olgreb's Toxic Radiance  Pois           0%         N/A       100%        4
 Sticky Flame             Conj/Fire      0%         2d3       100%        4


Dungeon Overview and Level Annotations

Branches:
Dungeon (8/15)             Temple (0/1) D:4            Lair (0/5) D:8

Altars:
Cheibriados
Dithmenos
Elyvilon
Kikubaaqudgha
Okawaru
Qazlal
Trog
Uskayaw
Yredelemnul
Zin
The Shining One

Shops:
D:4 *   D:6 [


Message History

The 11-headed hydra barely misses you. You block the 11-headed hydra's attack.
The 11-headed hydra bites you but does no damage.
You block the 11-headed hydra's attack. The 11-headed hydra bites you!
* * * LOW HITPOINT WARNING * * *
The 11-headed hydra bites you but does no damage.
The 11-headed hydra completely misses you.
The 11-headed hydra misses you. You block the 11-headed hydra's attack.
You feel much better. You block the 11-headed hydra's attack.
The 11-headed hydra barely misses you. x3
You block the 11-headed hydra's attack. The 11-headed hydra misses you.
You block the 11-headed hydra's attack. The 11-headed hydra bites you!
You block the 11-headed hydra's attack. The 11-headed hydra bites you!
* * * LOW HITPOINT WARNING * * *
The 11-headed hydra bites you.
* * * LOW HITPOINT WARNING * * *
You hack one of the 11-headed hydra's heads off!
The ten-headed hydra grows two more!
You slash the 12-headed hydra!
The 12-headed hydra is almost dead.
The 12-headed hydra bites you.
* * * LOW HITPOINT WARNING * * *
You block the 12-headed hydra's attack.
The 12-headed hydra completely misses you.
You block the 12-headed hydra's attack.
The 12-headed hydra completely misses you.
You block the 12-headed hydra's attack. The 12-headed hydra bites you.
* * * LOW HITPOINT WARNING * * *
You block the 12-headed hydra's attack. x2; The 12-headed hydra bites you.
* * * LOW HITPOINT WARNING * * *
The 12-headed hydra bites you.
* * * LOW HITPOINT WARNING * * *
The 12-headed hydra barely misses you.
You hack one of the 12-headed hydra's heads off!
The 11-headed hydra grows two more!
You slash the 13-headed hydra!
The 13-headed hydra is almost dead.
The 13-headed hydra completely misses you.
You block the 13-headed hydra's attack. The 13-headed hydra closely misses you.
You block the 13-headed hydra's attack. x2
The 13-headed hydra bites you but does no damage.
You block the 13-headed hydra's attack. x2; The 13-headed hydra bites you!
You die...

.#.##.#
#..............#
.##.#.#
###########.####
.###..# #.#
.##.#.## #####.#
.#.#...###
##:=######
)#.[.....#
#))H##...#
)##.)..#.#
#)JH#.# .#
)##.#.##.#
###D###.#
.#).#.##.##
##@###.##
...##.....#
#.###...#
########..#
#.##..#.# #..#
#...#...# #))#
######.## #..#
#...# #..# #.#.#
###.[# #.#.# #
###....# #.#.# #


You could see a 13-headed hydra, a slime creature and 2 manticores.

Vanquished Creatures
  An orc knight (D:8)
  The ghost of Querens the Thaumaturge, a novice DECj (D:7)
  2 ugly things (D:8)
  A moth of wrath (D:7)
  A cyclops (D:8)
  A vampire (D:8)
  Eustachio (D:4)
  A steam dragon (D:6)
  3 wargs (D:8)
  5 water moccasins
  A sky beast (D:6)
  An orc warrior (D:7)
  Pargi (D:4)
  6 black bears
  3 ice beasts (D:7)
  3 ogres
  3 centaurs
  A kobold brigand (D:7)
  2 necrophages
  3 scorpions
  A bullfrog (D:8)
  A gnoll sergeant (D:8)
  3 wights (D:5)
  5 killer bees (D:7)
  A howler monkey (D:7)
  5 orc priests
  3 hounds
  7 orc wizards
  9 gnolls (D:8)
  4 adders
  A white imp (D:5)
  An ufetubus (D:4)
  4 dart slugs
  28 orcs
  A bat (D:1)
  10 endoplasms
  2 giant cockroaches
  9 goblins
  11 hobgoblins
  5 jackals
  5 quokkas
  8 ball pythons
  9 kobolds
  22 rats
196 creatures vanquished.

Vanquished Creatures (others)
  3 fungi (D:5)
  37 plants (D:1)
  4 withered plants (D:7)
44 creatures vanquished.

Grand Total: 240 creatures vanquished

Notes
Turn   | Place    | Note
-------+----------+-------------------------------------------
     0 | D:1      | Frenzy the Hill Orc Fighter began the quest for the Orb.
     0 | D:1      | Reached XP level 1. HP: 19/19 MP: 1/1
    45 | D:1      | Found a faded altar of an unknown god.
    55 | D:1      | Prayed at the altar of an unknown god.
    55 | D:1      | Became a worshipper of Cheibriados the Contemplative
    55 | D:1      | Reached * piety under Cheibriados
   128 | D:1      | Reached XP level 2. HP: 14/27 MP: 2/2
   433 | D:1      | Reached ** piety under Cheibriados
   434 | D:1      | Reached skill level 3 in Axes
   455 | D:1      | Reached XP level 3. HP: 33/33 MP: 3/3
  1321 | D:2      | Found the +4 robe of Augmentation {Str+4 Int+4 Dex+4}
  1759 | D:3      | Reached skill level 4 in Axes
  1759 | D:3      | Reached XP level 4. HP: 35/41 MP: 4/4
  1794 | D:3      | Found a glowing golden altar of the Shining One.
  1822 | D:3      | Found a shadowy altar of Dithmenos.
  2189 | D:3      | Reached *** piety under Cheibriados
  2334 | D:4      | Found a white marble altar of Elyvilon.
  2349 | D:4      | Found a staircase to the Ecumenical Temple.
  2359 | D:4      | Reached XP level 5. HP: 47/47 MP: 5/5
  2429 | D:4      | Noticed an ogre
  2435 | D:4      | Killed an ogre
  2436 | D:4      | Reached skill level 5 in Axes
  2436 | D:4      | Reached skill level 1 in Dodging
  2473 | D:4      | Noticed a black bear
  2479 | D:4      | Killed a black bear
  2480 | D:4      | Reached XP level 6. HP: 53/53 MP: 6/6
  2483 | D:4      | Found Jonn's Assorted Antiques.
  2557 | D:4      | Reached skill level 6 in Axes
  2833 | D:4      | Noticed Pargi
  2845 | D:4      | Killed Pargi
  2845 | D:4      | Reached **** piety under Cheibriados
  2846 | D:4      | Reached skill level 1 in Stealth
  2846 | D:4      | Reached XP level 7. HP: 55/60 MP: 7/7
  2861 | D:4      | Noticed Eustachio
  2870 | D:4      | Killed Eustachio
  2871 | D:4      | Reached skill level 5 in Fighting
  2871 | D:4      | Reached skill level 7 in Axes
  3082 | D:5      | Entered Level 5 of the Dungeon
  3158 | D:5      | Reached skill level 5 in Shields
  3188 | D:5      | Reached skill level 8 in Axes
  3188 | D:5      | Reached XP level 8. HP: 48/68 MP: 8/8
  3397 | D:5      | Found an ancient bone altar of Kikubaaqudgha.
  3594 | D:5      | Reached ***** piety under Cheibriados
  3595 | D:5      | Reached skill level 9 in Axes
  3764 | D:5      | Found a glowing silver altar of Zin.
  4276 | D:6      | Found a snail-covered altar of Cheibriados.
  4290 | D:6      | Found Ymug's Antique Armour Shoppe.
  4427 | D:6      | Reached skill level 10 in Axes
  4427 | D:6      | Reached XP level 9. HP: 44/75 MP: 9/9
  4782 | D:6      | Found a bloodstained altar of Trog.
  5021 | D:7      | Noticed a moth of wrath
  5110 | D:7      | Found a hide-covered altar of Uskayaw.
  5190 | D:7      | Reached skill level 11 in Axes
  5332 | D:7      | Found a transporter.
  5337 | D:7      | Noticed Querens's ghost (novice DECj)
  5337 | D:7      | Found the +1 cloak of Starlight {*Dazzle EV+4 Stlth--}
  5380 | D:7      | Found a transporter.
  5421 | D:7      | Found a basalt altar of Yredelemnul.
  5665 | D:7      | Killed a moth of wrath
  5666 | D:7      | Reached XP level 10. HP: 78/86 MP: 10/10
  5668 | D:7      | Killed Querens's ghost
  5669 | D:7      | Reached skill level 12 in Axes
  5810 | D:8      | Reached ****** piety under Cheibriados
  5887 | D:8      | Found an iron altar of Okawaru.
  5940 | D:8      | Found a staircase to the Lair.
  6100 | D:8      | Found a stormy altar of Qazlal.
  6354 | D:8      | Found a runed translucent door.
  6354 | D:8      | Noticed a red ugly thing
  6354 | D:8      | Noticed an orc knight
  6356 | D:8      | Noticed a manticore
  6356 | D:8      | Noticed a manticore
  6356 | D:8      | Noticed a cyclops
  6356 | D:8      | Noticed a five-headed hydra
  6356 | D:8      | Noticed a white ugly thing
  6363 | D:8      | Killed an orc knight
  6364 | D:8      | Reached skill level 13 in Axes
  6366 | D:8      | Killed a red ugly thing
  6370 | D:8      | Killed a red ugly thing
  6371 | D:8      | Reached skill level 5 in Dodging
  6373 | D:8      | Killed a cyclops
  6374 | D:8      | Reached XP level 11. HP: 94/94 MP: 11/11
  6385 | D:8      | HP: 4/94 [12-headed hydra (5)]
  6386 | D:8      | Mangled by a 13-headed hydra

Illustrated notes

Levels and vault maps discovered:
D:1:      roderic_crop_circles_arrival_small, layout_loops_ring,
          ebering_ecumenical_altar_sacrificial, minmay_curled_crystal,
          serial_bayou_lagoon_b
D:2:      layout_basic
D:3:      layout_rooms, mainiacjoe_overflow_surrounded_room, lemuel_tele_altar,
          serial_curves, eino_curves_01, eino_curves_04, minmay_rat_hole
D:4:      cheibrodos_greedy_goblins, layout_basic, mainiacjoe_overflow_catwalk,
          minmay_temple_entry_sparse_star, serial_shops, kennysheep_mini_moat,
          uniq_eustachio, uniq_pargi
D:5:      layout_gridville, mainiacjoe_overflow_alcove_2, lemuel_round_altar,
          hangedman_decor_growths, dreamdust_mushroom_princess,
          kennysheep_generic_room_14
D:6:      layout_layer_cave, nicolae_overflow_crystal_walls,
          nicolae_overflow_hidden_temple, serial_shops, nicolae_shop_trees,
          minivault_22, minmay_misc_feat_roman, minmay_misc_feat_encased,
          hangedman_decor_peaks_small
D:7:      layout_loops_ring, yredelemnul_altar_generic,
          mainiacjoe_overflow_cross_hatched, gammafunk_ghost_berserking_beasts
D:8:      minmay_gate_of_8, layout_loops_ring, kennysheep_mini,
          nicolae_qazlal_scattered_showers, erik_lair_orcish_takeover,
          columned_hall_lemuel, nzn_life_drinkers

Skill      XL: |  1  2  3  4  5  6  7  8  9 10 |
---------------+-------------------------------+-----
Fighting       | 4 5 6 7 8 |  8.2
Axes           | 3 4 5 6 8 10 11 13 | 13.7
Armour         | 4 |  4.1
Dodging        | 1 2 3 5 |  5.1
Shields        | 4 5 7 9 |  9.5
Stealth        | 1 2 3 |  3.3

Action                   |  1- 3 |  4- 6 |  7- 9 | 10-12 || total
-------------------------+-------+-------+-------+-------++-------
Melee: War axe           |    90 |    69 |   178 |    93 ||   430
  Use: Scroll            |     6 |     5 |     4 |     2 ||    17
       Potion            |       |       |     2 |     5 ||     7
 Stab: Sleeping          |     1 |     2 |     3 |       ||     6
       Invisible         |       |       |       |     1 ||     1
Armor: Scale mail        |    26 |       |       |       ||    26
       Robe              |     3 |    26 |    70 |    29 ||   128
Dodge: Dodged            |    35 |    34 |    77 |    62 ||   208
Block: Buckler           |    18 |    57 |    58 |       ||   133
       Reflection        |       |       |     6 |     4 ||    10
       Tower shield      |       |       |   133 |   167 ||   300
